 Dungeon Crawl Stone Soup version 0.31-a0-986-g5e6e4ef867 (webtiles) character file.

Game seed: 3325187782865643397

28248 Zonian the Thaumaturge (level 13, -2/62 (63) HPs)
             Began as a Deep Elf Earth Elementalist on Nov 10, 2023.
             Was an Elder of Ashenzari.
             Killed from afar by a rime drake (17 damage)
             ... with an icy flash freeze
             ... on level 4 of the Lair of Beasts on Nov 11, 2023.
             The game lasted 01:13:16 (17957 turns).

Zonian the Thaumaturge (DEEE)                      Turns: 17957, Time: 01:13:17

HP:   -2/62 (63)    AC:  8    Str:  5    XL:     13   Next: 8%
MP:   36/42         EV: 19    Int: 29    God:    Ashenzari [****..]
Gold: 696           SH:  0    Dex: 15    Spells: 2/41 levels left

rFire   . . .        B - +0 rapier (spect)
rCold   + . .        (no shield)
rNeg    . . .        q - +0 robe of the Tethered Sage {Fly rElec rF- Int+3, Melee, Cun} (curse)
rPois   +            s - +0 helmet of the Eternal Ordeal {Dev, Comp} (curse)
rElec   +            (no cloak)
rCorr   +            (no gloves)
SInv    +            h - +0 pair of boots "Mistrust of Ashenzari" {Range, Bglg} (curse)
Will    +....        k - amulet of the Cryptic Black Moon {RegenMP, Alch, Self} (curse)
Stlth   ++++         D - ring "Cursed Henotheism" {MP+9, Fort, Alch} (curse)
HPRegen 0.30/turn    F - ring of Curses and Power {AC+4, Alch, Elem} (curse)
MPRegen 0.68/turn

%: clarity
@: resistant, flying, studying Polearms, lightly drained
A: claws 1
a: Renounce Religion, Curse Item, Shatter the Chains


You were on level 4 of the Lair of Beasts.
You worshipped Ashenzari.
Ashenzari was greatly pleased with you.
You visited 3 branches of the dungeon, and saw 13 of its levels.
You also visited: Ossuary and Gauntlet.

You collected 1004 gold pieces.
You spent 308 gold pieces at shops.

Inventory:

Hand Weapons
 d - a +1 dagger of flaming
 z - a +2 spear of venom
 B - a +0 spectral rapier (weapon)
Missiles
 p - 5 silver javelins
 w - 16 poisoned darts
 x - 9 boomerangs
 A - 5 curare-tipped darts
Armour
 a - a +1 robe
 h - the cursed +0 pair of boots "Mistrust of Ashenzari" (worn) {Range, Bglg}
   (You found it on level 2 of the Dungeon)

   It has a curse which improves the following skills: Ranged Combat: Ranged
   Weapons and Throwing.
   Beguiling: Conjurations, Hexes and Translocations.
 q - the cursed +0 robe of the Tethered Sage (worn) {Fly rElec rF- Int+3, Melee, Cun}
   (You found it on level 3 of the Dungeon)

   Int+3:     It affects your intelligence (+3).
   rF-:       It makes you vulnerable to fire.
   rElec:     It insulates you from electricity.
   Fly:       It grants you flight.
   It has a curse which improves the following skills: Melee Combat: Short
   Blades, Long Blades, Axes, Maces & Flails, Polearms, Staves and Unarmed
   Combat.
   Cunning:   Dodging and Stealth.
 s - the cursed +0 helmet of the Eternal Ordeal (worn) {Dev, Comp}
   (You found it on level 4 of the Dungeon)

   It has a curse which improves the following skills: Devices: Evocations and
   Shapeshifting.
   Companions: Summonings and Necromancy.
Jewellery
 e - an amulet of guardian spirit
 k - the cursed amulet of the Cryptic Black Moon (around neck) {RegenMP, Alch, Self}
   (You found it on level 1 of the Dungeon)

   [amulet of magic regeneration]

   RegenMP:   It increases your rate of magic regeneration.
   It has a curse which improves the following skills: Alchemy: Poison Magic and
   Transmutations.
   Introspection: Fighting and Spellcasting.
 o - a ring of fire
 r - an amulet of the acrobat
 t - an amulet of the acrobat
 v - an amulet of faith
 D - the cursed ring "Cursed Henotheism" (left claw) {MP+9, Fort, Alch}
   (You found it on level 6 of the Dungeon)

   [ring of magical power]

   MP+9:      It affects your magic capacity (+9).
   It has a curse which improves the following skills: Fortitude: Armour and
   Shields.
   Alchemy:   Poison Magic and Transmutations.
 F - the cursed ring of Curses and Power (right claw) {AC+4, Alch, Elem}
   (You found it on level 7 of the Dungeon)

   [ring of protection]

   AC+4:      It affects your AC (+4).
   It has a curse which improves the following skills: Alchemy: Poison Magic and
   Transmutations.
   Elements:  Fire Magic, Ice Magic, Air Magic and Earth Magic.
 G - a +4 ring of protection
 O - a ring of protection from fire
Wands
 y - a wand of flame (54)
 I - a wand of mindburst (15)
Scrolls
 f - 2 scrolls of brand weapon
 E - 2 scrolls of fog
 H - 4 scrolls of poison
 L - a scroll of amnesia
 M - a scroll of silence
 P - a scroll of vulnerability
 Q - 4 scrolls of immolation
 R - a scroll of revelation
 S - a scroll of enchant armour
Potions
 b - 4 potions of magic
 c - 4 potions of attraction
 g - a potion of ambrosia
 i - a potion of degeneration
 j - a potion of mutation
 l - 3 potions of lignification
 m - 2 potions of resistance
 n - 3 potions of berserk rage
 u - 2 potions of haste
 J - 3 potions of curing
 K - 3 potions of brilliance


   Skills:
 + Level 12.2(13.9) Dodging
 + Level 6.6(8.5) Stealth
 + Level 13.2(14.9) Spellcasting
 + Level 10.7(12.5) Conjurations
 - Level 3.1(4.7) Hexes
 - Level 2.4(4.0) Summonings
 - Level 3.0(4.6) Translocations
 - Level 2.1(4.8) Transmutations
 - Level 3.0(4.6) Ice Magic
 + Level 7.1(9.0) Air Magic
 + Level 11.4(13.2) Earth Magic
 - Level 2.5(5.3) Poison Magic


You had 2 spell levels left.
You knew the following spells:

 Your Spells              Type           Power      Damage    Failure   Level
a - Sandblast             Erth           100%       2d20      0%          1
b - Passwall              Tmut/Erth      54%        N/A       1%          2
c - Stone Arrow           Conj/Erth      100%       3d13      1%          3
d - Brom's Barrelling Bo  Conj/Erth      77%        2d9       1%          4
e - Mephitic Cloud        Conj/Pois/Air  65%        N/A       1%          3
f - Petrify               Tmut/Erth      65%        N/A       1%          4
g - Static Discharge      Conj/Air       100%       3-8/arc   1%          2
h - Iskenderun's Mystic   Conj/Tloc      64%        2d13      1%          4
i - Airstrike             Air            32%        2d(5-21)  1%          4
j - Frozen Ramparts       Ice            96%        1d15      1%          3
k - Summon Lightning Spi  Summ/Air       56%        N/A       1%          4
l - Iskenderun's Battles  Conj           76%        2d12      1%          5

Your spell library contained the following spells:

 Spells                   Type           Power      Damage    Failure   Level
 Cigotuvi's Dreadful Rot  Necr/Pois/Air  100%       N/A       1%          2
 Ensorcelled Hibernation  Hex/Ice        96%        N/A       1%          2
 Jinxbite                 Hex            96%        N/A       1%          2
 Poisonous Vapours        Pois/Air       100%       N/A       1%          2
 Ignite Poison            Fire/Tmut/Pois 41%        N/A       1%          3
 Tukima's Dance           Hex            48%        N/A       1%          3
 Freezing Cloud           Conj/Ice/Air   32%        6-21      1%          5
 Dimensional Bullseye     Hex/Tloc       24%        N/A       3%          4
 Fireball                 Conj/Fire      28%        3d12      4%          5
 Conjure Ball Lightning   Conj/Air       35%        3x3d11    4%          6
 Anguish                  Hex/Necr       17%        N/A       9%          4
 Metabolic Englaciation   Hex/Ice        24%        N/A       10%         5
 Summon Forest            Summ/Tloc      23%        N/A       11%         5
 Summon Mana Viper        Hex/Summ       46%        N/A       11%         5
 Orb of Destruction       Conj           38%        9d11      11%         7
 Summon Cactus Giant      Summ           22%        N/A       56%         6


Dungeon Overview and Level Annotations

Branches:
Dungeon (8/15)             Temple (1/1) D:7            Lair (4/5) D:8
 Shoals (0/4) Lair:3        Snake (0/4) Lair:3        Slime (0/5) Lair:4
Ossuary (visited)         Gauntlet (visited)

Altars:
Ashenzari
Cheibriados
Dithmenos
Elyvilon
Kikubaaqudgha
Okawaru
Qazlal
Ru
Sif Muna
Trog
Vehumet
Wu Jian
Xom
Yredelemnul
The Shining One
Jiyva

Shops:
D:6 :

Annotations:
D:2 1 runed translucent door, Crazy Yiuf
Lair:2 exclusion: 3 oklob plants


Innate Abilities, Weirdness & Mutations

You have sharp fingernails.


Message History

The hell rat is lightly wounded.
Your +0 spectral rapier barely misses the hell rat.
The hell rat bites you!
You feel drained. The hell rat completely misses you.
You hit the hell rat.
The hell rat is moderately wounded.
Your +0 spectral rapier hits the hell rat but does no damage.
A rime drake comes into view.
The hell rat barely misses you.
The rime drake hisses angrily.
You hit the hell rat but do no damage.
The hell rat is moderately wounded.
Your +0 spectral rapier hits the hell rat but does no damage.
The hell rat barely misses you. The hell rat completely misses you.
Unknown command.
Your +0 spectral rapier disappears.
The rime drake breathes ice at you. The icy flash freeze hits you!!
* * * LOW HITPOINT WARNING * * *
You are encased in ice.
The hell rat attacks as it pursues you! The hell rat closely misses you.
Unknown command.
Casting: Petrify (dangerous; 1% risk of failure)
Confirm with . or Enter, or press ? or * to list all spells.
You erupt in a blast of force!
The mystic blast hits the hell rat!
You kill the hell rat!
Unknown command.
Casting: Iskenderun's Mystic Blast (dangerous; 1% risk of failure)
Confirm with . or Enter, or press ? or * to list all spells.
Okay, then.
Okay, then.
You feel protected. The ice encasing you melts away.
Casting: Iskenderun's Mystic Blast (dangerous; 1% risk of failure)
Confirm with . or Enter, or press ? or * to list all spells.
You erupt in a blast of force!
The mystic blast hits the rime drake!!
The rime drake is severely wounded.
The rime drake is knocked back by the mystic blast.
The rime drake breathes ice at you. The icy flash freeze hits you!
You partially resist.
You die...

.........# *####P,,*,,,,,,,,,,..,
........## *....,,###...,,*,,,,.#
#.......P###..#***.......,*****#.
##...........#**##........* ##.
#...........## *.#.......#*####..
##....<....#.####.....#..###.....
.###..........#................P.
..###.............#......#.......
..##..###......#@......###.....†.
.###### #......##†......#....>...
...# #.....k...k...[†......#.#
...## ##.#................#.###
>...# #.................######
_..## #####.###.....†....##..##
...# #......##.<...........#*#
.### #......##.............# # .#
#......##..P.......§§.# #


You could see a rime drake (catching breath).

Vanquished Creatures
  2 hydras
  3 death yaks (Lair:4)
  2 skysharks
  A torpor snail (Lair:1)
  2 black mambas
  10 komodo dragons
  5 cane toads
  5 rime drakes (Lair:4)
  2 polar bears
  20 blink frogs
  Grinder (D:6)
  3 basilisks
  8 wyverns
  A wraith (Ossuary)
  21 yaks
  Edmund (D:4)
  3 wargs (D:8)
  13 water moccasins
  An orc warrior (D:7)
  A black bear (D:5)
  3 ice beasts
  6 ogres
  2 centaurs
  5 wolves
  2 phantoms (D:5)
  16 bullfrogs
  A scorpion (D:5)
  2 gnoll sergeants
  6 killer bees (D:7)
  3 electric eels (Lair:1)
  3 howler monkeys (D:7)
  2 hounds
  2 gnoll boudas (D:8)
  An orc priest (D:8)
  A sleepcap (D:6)
  4 iguanas
  2 orc wizards (D:8)
  7 hell rats
  2 mummies
  Robin (D:2)
  15 gnolls
  6 adders
  A shadow imp (D:7)
  4 white imps
  2 ufetubi (D:5)
  3 dart slugs
  20 orcs
  3 endoplasms
  6 giant cockroaches
  14 goblins
  5 hobgoblins
  A quokka (D:1)
  6 ball pythons
  4 bats
  2 frilled lizards
  6 gnoll skeletons (Ossuary)
  3 kobolds
  6 kobold skeletons (Ossuary)
  13 orc skeletons (Ossuary)
  2 rats (D:1)
298 creatures vanquished.

Vanquished Creatures (collateral kills)
  A cane toad (Lair:4)
  2 rime drakes (Lair:4)
  2 polar bears
  3 blink frogs (Lair:4)
  4 wyverns (Lair:4)
  3 basilisks (Lair:4)
  2 wolves (Lair:3)
  A bullfrog (Lair:3)
  2 hell rats (Lair:4)
20 creatures vanquished.

Vanquished Creatures (others)
  A quokka (D:8)
  A boulder (D:7)
2 creatures vanquished.

Grand Total: 320 creatures vanquished

Notes
Turn   | Place    | Note
-------+----------+-------------------------------------------
     0 | D:1      | Zonian the Deep Elf Earth Elementalist began the quest for
                  | the Orb.
     0 | D:1      | Reached XP level 1. HP: 10/10 MP: 6/6
   391 | D:1      | Reached XP level 2. HP: 15/15 MP: 5/8
   792 | D:1      | Found a faded altar of an unknown god.
  1199 | D:2      | Learned a level 2 spell: Passwall
  1322 | D:2      | Noticed Robin
  1332 | D:2      | Killed Robin
  1344 | D:2      | Reached XP level 3. HP: 16/19 MP: 7/9
  1827 | D:2      | Found a runed translucent door.
  1828 | D:2      | Noticed Crazy Yiuf
  2096 | D:3      | Identified the +0 robe of Servitude {Fly rElec rF- Int+3}
  2369 | D:3      | Reached XP level 4. HP: 23/24 MP: 9/11
  2802 | D:4      | Noticed Edmund
  3044 | D:4      | Learned a level 3 spell: Stone Arrow
  3089 | D:4      | Gained mutation: You have sharp fingernails. [potion of
                  | mutation]
  3417 | D:4      | Reached skill level 4 in Spellcasting
  4161 | D:4      | Reached skill level 1 in Conjurations
  4296 | D:5      | Entered Level 5 of the Dungeon
  4327 | D:5      | Reached XP level 5. HP: 28/28 MP: 13/13
  4544 | D:5      | Noticed a phantom
  4559 | D:5      | Noticed a black bear
  4785 | D:5      | Killed a black bear
  4786 | D:5      | Reached XP level 6. HP: 31/32 MP: 13/15
  4968 | D:5      | Reached skill level 5 in Spellcasting
  5100 | D:5      | Reached skill level 5 in Earth Magic
  5307 | D:5      | Reached XP level 7. HP: 35/36 MP: 15/17
  5476 | D:5      | Reached skill level 5 in Dodging
  5480 | D:5      | Reached skill level 6 in Spellcasting
  6125 | D:6      | Found Yceirezu's Book Boutique.
  6211 | D:6      | Noticed Grinder
  6218 | D:6      | Killed Grinder
  6219 | D:6      | Reached XP level 8. HP: 41/41 MP: 20/20
  6387 | D:6      | Reached skill level 7 in Spellcasting
  6787 | D:6      | Found a bloodstained altar of Trog.
  6914 | D:7      | Identified the "Sobruhu"
  6914 | D:7      | Identified the "Leulue"
  6914 | D:7      | Identified the of Fuwkiec
  6949 | D:7      | Reached skill level 5 in Conjurations
  6976 | D:7      | Found an ancient bone altar of Kikubaaqudgha.
  7180 | D:7      | Reached skill level 8 in Spellcasting
  7394 | D:7      | Reached XP level 9. HP: 45/45 MP: 23/23
  7470 | D:7      | Found a staircase to the Ecumenical Temple.
  7482 | Temple   | Entered the Ecumenical Temple
  7518 | Temple   | Became a worshipper of Ashenzari the Shackled
  7903 | D:7      | Learned a level 4 spell: Brom's Barrelling Boulder
  7907 | D:7      | Learned a level 3 spell: Mephitic Cloud
  7912 | D:7      | Learned a level 4 spell: Petrify
  8076 | D:7      | Found a shimmering blue altar of Sif Muna.
  8623 | D:8      | Found a sand-covered staircase.
  8634 | Ossuary  | Entered an ossuary
  8903 | Ossuary  | Reached skill level 9 in Spellcasting
  9247 | D:4      | Killed Edmund
  9257 | D:4      | Learned a level 2 spell: Static Discharge
  9428 | D:8      | Found an iron altar of Okawaru.
  9558 | D:8      | Found a staircase to the Lair.
  9846 | D:8      | Reached skill level 1 in Air Magic
  9846 | D:8      | Found a snail-covered altar of Cheibriados.
  9874 | D:8      | Reached * piety under Ashenzari
  9942 | D:8      | Found a white marble altar of Elyvilon.
 10431 | D:8      | Reached ** piety under Ashenzari
 10571 | Lair:1   | Entered Level 1 of the Lair of Beasts
 10609 | Lair:1   | Reached XP level 10. HP: 38/50 MP: 25/25
 10838 | Lair:1   | Reached skill level 10 in Spellcasting
 11058 | D:6      | Bought a book of Weapons for 308 gold pieces
 11063 | D:6      | Learned a level 4 spell: Iskenderun's Mystic Blast
 11243 | Lair:1   | Learned a level 4 spell: Airstrike
 11410 | Lair:1   | Reached skill level 1 in Translocations
 11614 | Lair:1   | Noticed a cane toad
 11696 | Lair:1   | Noticed a black mamba
 11740 | Lair:1   | Killed a black mamba
 11959 | Lair:1   | Noticed a torpor snail
 12088 | Lair:1   | Killed a cane toad
 12089 | Lair:1   | Reached skill level 10 in Dodging
 12089 | Lair:1   | Reached XP level 11. HP: 54/54 MP: 23/27
 12561 | Lair:1   | Reached skill level 11 in Spellcasting
 12671 | Lair:2   | Noticed a skyshark
 12710 | Lair:2   | Reached skill level 1 in Hexes
 12716 | Lair:2   | Noticed a four-headed hydra
 12729 | Lair:2   | Killed a four-headed hydra
 12730 | Lair:2   | Reached skill level 1 in Ice Magic
 12730 | Lair:2   | Reached skill level 1 in Poison Magic
 12900 | Lair:2   | Noticed an oklob plant
 13067 | Lair:2   | Found a gate leading to a gauntlet.
 13073 | Gauntlet | Entered a Gauntlet
 13073 | Gauntlet | Noticed an arcanist
 13073 | Gauntlet | Found a transporter.
 13073 | Gauntlet | Found a transporter.
 13075 | Gauntlet | Noticed a dire elephant
 13215 | Gauntlet | Found a transporter.
 13217 | Gauntlet | Found a transporter.
 13247 | Gauntlet | Found a transporter.
 13263 | Gauntlet | Found a transporter.
 13273 | Gauntlet | Found a transporter.
 13331 | Lair:2   | Killed a skyshark
 13338 | Lair:2   | Reached skill level 5 in Air Magic
 13338 | Lair:2   | Reached skill level 10 in Earth Magic
 13620 | Lair:2   | Learned a level 3 spell: Frozen Ramparts
 13625 | Lair:2   | Learned a level 4 spell: Summon Lightning Spire
 13925 | Lair:2   | Reached *** piety under Ashenzari
 14098 | Lair:2   | Reached skill level 1 in Summonings
 14254 | Lair:2   | Noticed an oklob plant
 14273 | Lair:2   | Noticed an oklob plant
 14690 | Lair:3   | Noticed a six-headed hydra
 14720 | Lair:3   | Noticed a skyshark
 14736 | Lair:3   | Killed a skyshark
 14915 | Lair:3   | Reached XP level 12. HP: 59/59 MP: 31/31
 14976 | Lair:3   | Reached skill level 12 in Spellcasting
 15328 | Lair:3   | Reached **** piety under Ashenzari
 15358 | Lair:3   | Found a staircase to the Shoals.
 15490 | Lair:3   | Killed a six-headed hydra
 15839 | Lair:3   | Reached skill level 10 in Conjurations
 15940 | Lair:3   | Learned a level 5 spell: Iskenderun's Battlesphere
 16002 | Lair:3   | Found a staircase to the Snake Pit.
 16075 | Lair:4   | Found a staircase to the Slime Pits.
 16076 | Lair:4   | Found a viscous altar of Jiyva.
 16130 | Lair:4   | Reached skill level 5 in Stealth
 16174 | Lair:4   | Noticed a death yak
 16181 | Lair:4   | Noticed a death yak
 16183 | Lair:4   | Killed a death yak
 16184 | Lair:4   | Noticed a death yak
 16190 | Lair:4   | Killed a death yak
 16203 | Lair:4   | Killed a death yak
 16648 | Lair:4   | Noticed a six-headed hydra
 17381 | Lair:4   | Reached skill level 13 in Spellcasting
 17483 | Lair:4   | Reached XP level 13. HP: 25/63 MP: 22/33
 17957 | Lair:4   | Killed from afar by a rime drake

Illustrated notes

Levels and vault maps discovered:
D:1:      dpeg_arrival_chambers_temple_mockup, layout_loops_ring,
          shapermc_ecumenical_altar_acropolis, minivault_27, corner_web_ring
D:2:      layout_loops_ring, nicolae_the_louvre, uniq_robin,
          uniq_crazy_yiuf_cottage
D:3:      layout_basic
D:4:      layout_basic, chequers_big_river, glass_columns_a, uniq_edmund
D:5:      layout_loops_corners, minmay_misc_feat_five
D:6:      layout_basic, mainiacjoe_overflow_alcove_4, nicolae_wooded_promenade,
          uniq_grinder
D:7:      nicolae_cairo_tiling_large, layout_basic, led_sif_pool,
          marbit_many_paths, minmay_temple_entry_slanted
D:8:      cheibrodos_quashed, layout_loops_corners,
          mainiacjoe_overflow_surrounded_room, kennysheep_slug_shrine,
          elyvilon_altar_4, erik_lair_orcish_takeover,
          gup_ossuary_entry_pyramid, nicolae_two_hexagons
Temple:   jpeg_temple_island
Lair:1:   layout_long_grid, minmay_stone_trees_small, serial_bayou_lake_a,
          grunt_megastairs_1
Lair:2:   minmay_lair_oklob_chamber, layout_hall_layers, gauntlet_entry_generic
Lair:3:   layout_regular_city, shoals_dummy_entry,
          nicolae_snake_entry_warm_welcome, nicolae_lair_grazing_beasts
          [nicolae_sub_lair_graze_edge, nicolae_sub_lair_graze_edge,
          nicolae_sub_lair_graze_edge, nicolae_sub_lair_graze_edge]
Lair:4:   layout_misc_corridors, slime_entry_1, special_room
          [special_room_mythical_zoo]

Skill      XL: |  1  2  3  4  5  6  7  8  9 10 11 12 |
---------------+-------------------------------------+-----
Stealth        | 3 6 |  6.6
Dodging        | 3 4 6 7 8 10 12 | 12.2
Transmutations | 2 |  2.1
Spellcasting   | 4 5 6 8 9 10 11 13 | 13.2
Conjurations   | 1 2 3 4 5 7 8 9 10 | 10.7
Earth Magic    | 4 5 6 7 8 9 10 11 | 11.4
Air Magic      | 1 4 5 7 |  7.1
Translocations | 3 |  3.0
Hexes          | 3 |  3.1
Ice Magic      | 3 |  3.0
Poison Magic   | 2 |  2.5
Summonings     | 1 2 |  2.4

Action                     |  1- 3 |  4- 6 |  7- 9 | 10-12 | 13-15 || total
---------------------------+-------+-------+-------+-------+-------++-------
  Melee: Dagger            |     2 |       |       |       |       ||     2
         Rapier            |       |       |    27 |    71 |    11 ||   109
         Punch             |       |       |       |     1 |       ||     1
  Throw: Dart              |       |       |     3 |       |       ||     3
   Cast: Sandblast         |    59 |    60 |   158 |    56 |       ||   333
         Stone Arrow       |       |       |     6 |   164 |     4 ||   174
         Brom's Barrelling |       |       |     2 |       |       ||     2
         Petrify           |       |       |     1 |    21 |     2 ||    24
         Static Discharge  |       |       |       |     7 |       ||     7
         Mephitic Cloud    |       |       |       |     7 |       ||     7
         Iskenderun's Myst |       |       |       |    11 |     2 ||    13
         Summon Lightning  |       |       |       |    15 |     5 ||    20
         Airstrike         |       |       |       |    30 |     5 ||    35
         Frozen Ramparts   |       |       |       |     3 |       ||     3
         Iskenderun's Batt |       |       |       |     2 |       ||     2
 Invoke: Curse Item        |       |       |     3 |     3 |       ||     6
  Evoke: Wand              |       |       |     3 |     9 |     2 ||    14
    Use: Scroll            |     5 |     4 |    11 |     3 |       ||    23
         Potion            |       |     1 |     2 |     1 |     1 ||     5
   Stab: Petrified         |       |       |    10 |    18 |     3 ||    31
         Sleeping          |       |       |     1 |       |       ||     1
 Armour: Robe              |    17 |    16 |    49 |    91 |     4 ||   177
  Dodge: Dodged            |    19 |    15 |    74 |   124 |    13 ||   245

Table legend: (Time is in decaauts)
 A = Elapsed time spent in this place.
 B = Non-inter-level travel time spent in this place.
 C = Inter-level travel time spent in this place.
 D = Time resting spent in this place.
 E = Time spent auto-exploring this place.
 F = Levels seen in this place.
 G = Mean time per level.
                   A        B        C        D        E       F      G
               +--------+--------+--------+--------+--------+-----+--------+
         Total |  18161 |  17448 |    713 |   6578 |   6560 |  15 | 1210.7 |
       Dungeon |  10541 |   9920 |    621 |   3201 |   4912 |   8 | 1317.6 |
        Temple |     68 |     49 |     19 |      0 |      0 |   1 |   68.0 |
          Lair |   6945 |   6872 |     73 |   3116 |   1634 |   4 | 1736.2 |
       Ossuary |    361 |    361 |      0 |    140 |     14 |   1 |  361.0 |
      Gauntlet |    244 |    244 |      0 |    121 |      0 |   1 |  244.0 |
               +--------+--------+--------+--------+--------+-----+--------+

Top non-repeatable levels by time:
  Lair:1: 2047 daAuts
  Lair:2: 1765 daAuts
     D:7: 1645 daAuts
     D:8: 1626 daAuts
  Lair:3: 1568 daAuts
  Lair:4: 1564 daAuts
     D:4: 1541 daAuts
     D:6: 1497 daAuts
     D:5: 1281 daAuts
     D:1: 1136 daAuts
     D:3: 984 daAuts
     D:2: 827 daAuts
 Ossuary: 361 daAuts
Gauntlet: 244 daAuts
  Temple: 68 daAuts
